 Dungeon Crawl Stone Soup version 0.30.0-19-g36f170ea60 (webtiles) character file.

Game seed: 9531855222448226941

86 sampeng1 the Trooper (level 4, 0/49 (54) HPs)
             Began as a Human Berserker on May 26, 2023.
             Was a Believer of Trog.
             Slain by a goblin
             ... wielding a +0 club
             ... led by Robin
              (5 damage)
             ... on level 2 of the Dungeon.
             The game lasted 00:03:25 (1038 turns).

sampeng1 the Trooper (Human Berserker)              Turns: 1038, Time: 00:03:26

HP:   0/49 (54)     AC:  6    Str: 19    XL:     4   Next: 78%
MP:   4/4           EV: 10    Int:  8    God:    Trog [**....]
Gold: 40            SH:  0    Dex: 12    Spells: 3/3 levels left

rFire   . . .        g - +2 whip (flame)
rCold   . . .        (no shield)
rNeg    . . .        d - +0 scale mail
rPois   .            (no helmet)
rElec   .            (no cloak)
rCorr   .            (no gloves)
SInv    .            (no boots)
Will    .....        (no amulet) Stlth
                     (no ring)
HPRegen 0.28/turn    (no ring)
MPRegen 0.09/turn

%: no passive effects
@: berserking (expiring), drained, very quick
A: no striking features
a: Renounce Religion, Berserk, Trog's Hand


You were on level 2 of the Dungeon.
You worshipped Trog.
Trog was pleased with you.
You visited 1 branch of the dungeon, and saw 2 of its levels.

You collected 40 gold pieces.

Inventory:

Hand Weapons
 a - a +0 hand axe
 g - a +2 whip of flaming (weapon)
Armour
 b - a +0 animal skin
 d - a +0 scale mail (worn)
Scrolls
 c - a scroll of vulnerability
 f - a scroll of identify
Potions
 e - a potion of lignification
 h - 2 potions of haste {unknown}


   Skills:
 + Level 3.6 Fighting
 - Level 3.2(3.4) Axes
 + Level 1.2(2.4) Maces & Flails
 + Level 2.8 Armour
 + Level 2.8 Dodging


You had 3 spell levels left.
You didn't know any spells.
Your spell library was empty.

Dungeon Overview and Level Annotations

Branches:
Dungeon (2/15)

Altars:

Annotations:
D:2 Robin


Message History

Trog accepts your kill.
You barely miss the goblin. The goblin hits you but does no damage.
The goblin misses you.
You whack the goblin! You burn the goblin.
You kill the goblin!
Trog accepts your kill.
Robin of the Strong Arm comes into view.
They are wielding a +0 short sword.
The goblin hits you but does no damage.
You barely miss the goblin.
Robin shouts!
A giant cockroach comes into view.
You hit the goblin. You burn the goblin.
You feel the power of Trog in you as your rage grows.
You kill the goblin!
Trog accepts your kill.
Robin roars a battlecry!
The goblins go into a battle-frenzy!
You whack the goblin! You burn the goblin.
You kill the goblin!
Trog accepts your kill.
Robin says, "A pitiful Human like you will never find the ORB!"
A goblin comes into view. It is wielding a +0 club.
A goblin comes into view. It is wielding a +0 dagger.
The goblin shouts! x2
Things that are here:
a +0 dagger; a +0 club A goblin comes into view.
It is wielding a +2 dagger of draining.
You feel a strong urge to attack something.
The goblin shouts!
The goblin hits you with a +0 club.
* * * LOW HITPOINT WARNING * * *
A goblin comes into view. It is wielding a +0 club.
The goblin moves out of view.
You closely miss the goblin. The giant cockroach closely misses you.
The goblin barely misses you.
You barely miss the goblin.
The giant cockroach completely misses you.
You barely miss the goblin. Robin throws the goblin at you!
The goblin closely misses you. The goblin hits you with a +0 club.
You die...

............#.#...
##.##.......#...###
...........#.....
#.##.###...#..####.
# #. #...........
.. #.....###... ..
#).)...#
....###g)).#.....
.......@#.####.#
.#####Bg#... #
##g##### #.g ##g ..
.. ...


You could see Robin, a giant cockroach and 4 goblins.

Vanquished Creatures
  Terence (D:2)
  An adder (D:2)
  5 endoplasms
  A giant cockroach (D:2)
  10 goblins
  7 hobgoblins (D:1)
  3 jackals (D:1)
  2 quokkas (D:1)
  2 ball pythons (D:1)
  2 bats (D:1)
  2 frilled lizards (D:1)
  5 kobolds
  6 rats
47 creatures vanquished.

Notes
Turn   | Place    | Note
-------+----------+-------------------------------------------
     0 | D:1      | sampeng1 the Human Berserker began the quest for the Orb.
     0 | D:1      | Reached XP level 1. HP: 18/18 MP: 1/1
    84 | D:1      | Reached XP level 2. HP: 3/24 MP: 2/2
   514 | D:1      | Reached XP level 3. HP: 15/29 MP: 3/3
   624 | D:1      | Reached ** piety under Trog
   973 | D:2      | Reached XP level 4. HP: 31/35 MP: 4/4
  1015 | D:2      | Noticed Terence
  1026 | D:2      | Killed Terence
  1027 | D:2      | Reached skill level 1 in Maces & Flails
  1030 | D:2      | Noticed Robin
  1038 | D:2      | Slain by a goblin

Illustrated notes

Levels and vault maps discovered:
D:1:      minmay_arrival_jagged, layout_loops_cross, kennysheep_doodads
D:2:      layout_basic, uniq_robin, uniq_sigmund, uniq_terence

Skill      XL: |  1  2  3  4 |
---------------+-------------+-----
Maces & Flails | 1 |  1.2
Fighting       | |  3.6
Axes           | |  3.2
Armour         | |  2.8
Dodging        | |  2.8

Action                     |  1- 3 |  4- 6 || total
---------------------------+-------+-------++-------
  Melee: Hand axe          |    73 |       ||    73
         Whip              |    45 |    25 ||    70
 Invoke: Berserk           |       |     1 ||     1
    Use: Scroll            |     2 |       ||     2
 Armour: Animal skin       |     8 |       ||     8
         Scale mail        |    35 |    14 ||    49
  Dodge: Dodged            |    68 |    18 ||    86
